 Dungeon Crawl Stone Soup version 0.27-a0-686-gaed091b46b (webtiles) character file.

Game seed: 12689623780819093355

1338 tilp the Cutter (level 8, -8/44 HPs)
             Began as a Vine Stalker Brigand on Mar 20, 2021.
             Was a Follower of Ru.
             Mangled by an orc warrior
             ... wielding a +0 flail
              (13 damage)
             ... on level 7 of the Dungeon.
             The game lasted 00:08:55 (5908 turns).

tilp the Cutter (Vine Stalker Brigand)              Turns: 5908, Time: 00:08:56

Health: -8/44      AC: 11    Str: 14    XL:     8   Next: 61%
Magic:  0/9        EV:  6    Int: 11    God:    Ru [*.....]
Gold:   178        SH:  5    Dex: 18    Spells: 7/7 levels left

rFire    . . .     SeeInvis .   a - +2 dagger
rCold    . . .     Faith    .   q - +0 buckler
rNeg     + . .     Spirit   +   t - +0 chain mail
rPois    .         Reflect  .   (no helmet)
rElec    .         Harm     .   c - +0 cloak
rCorr    .         Rampage  .   k - +0 pair of gloves
Will     +....                  i - +0 pair of boots
Stlth    ..........             (no amulet)
HPRegen  1.14/turn              n - ring of positive energy
MPRegen  0.11/turn              (no ring)

@: no status effects
A: fangs 3, regeneration 1, magic shield, antimagic bite, no potion heal 3,
hated by all
a: Renounce Religion


You were on level 7 of the Dungeon.
You worshipped Ru.
Ru was aware of your devotion.
You visited 1 branch of the dungeon, and saw 7 of its levels.

You collected 268 gold pieces.
You spent 90 gold pieces at shops.

Inventory:

Hand Weapons
 a - a +2 dagger (weapon)
 l - a +0 short sword of flaming
Missiles
 d - 34 poisoned darts (quivered)
 e - 7 curare-tipped darts
 m - 74 stones
 y - 2 atropa-tipped darts
Armour
 c - a +0 cloak (worn)
 i - a +0 pair of boots (worn)
 k - a +0 pair of gloves (worn)
 q - a +0 buckler (worn)
 t - a +0 chain mail (worn)
 z - a +0 kite shield
Jewellery
 n - a ring of positive energy (right hand)
 x - a ring of see invisible
Scrolls
 b - 5 scrolls of identify
 f - a scroll of magic mapping {unknown}
 o - a scroll of fear {unknown}
 r - a scroll of enchant armour {unknown}
 s - a scroll of amnesia {unknown}
 v - a scroll of teleportation {unknown}
 w - a scroll of fog
Potions
 g - a potion of ambrosia
 h - 5 potions of curing
 j - a potion of mutation
 p - 3 potions of flight
 u - 2 potions of invisibility


   Skills:
 - Level 6.0 Fighting
 + Level 6.4 Short Blades
 - Level 1.7 Throwing
 + Level 2.8 Dodging
 - Level 4.8 Stealth
 + Level 2.0 Shields


You had 7 spell levels left.
You didn't know any spells.
Your spell library contained the following spells:

 Spells                   Type           Power      Damage    Failure   Level
 Magic Dart               Conj           0%         1d3       100%        1
 Pain                     Necr           0%         1d4       100%        1
 Blink                    Tloc           N/A        N/A       100%        2
 Slow                     Hex            0%         N/A       100%        2
 Conjure Flame            Conj/Fire      0%         6-21      100%        3
 Mephitic Cloud           Conj/Pois/Air  0%         N/A       100%        3
 Vampiric Draining        Necr           0%         2d6       100%        3
 Agony                    Necr           0%         N/A       100%        5
 Animate Skeleton         Necr           Unusable   N/A       N/A         1
 Call Imp                 Summ           Unusable   N/A       N/A         2
 Animate Dead             Necr           Unusable   N/A       N/A         4

Dungeon Overview and Level Annotations

Branches:
Dungeon (7/15)             Temple (0/1) D:6

Altars:
Ashenzari
Cheibriados
Dithmenos
Qazlal
Ru

Shops:
D:2 [


Innate Abilities, Weirdness & Mutations

You have razor-sharp teeth.
Your natural rate of healing is unusually fast.
When hurt, damage is shared between your health and your magic reserves.
Your bite disrupts and absorbs the magic of your enemies.
Potions cannot restore your health.
You are hated by all.


Message History

The orc warrior is severely wounded.
An orc comes into view. It is wielding a +0 mace.
The orc warrior hits you with a +0 flail!
* * * LOW HITPOINT WARNING * * *
You hit the orc warrior but do no damage.
The orc warrior is severely wounded.
You closely miss the orc warrior.
You bite the orc warrior, but do no damage.
The orc warrior is severely wounded.
You block the orc warrior's attack.
You hit the orc warrior but do no damage.
Your bite misses the orc warrior.
The orc warrior is severely wounded.
The orc warrior hits you but does no damage.
You hit the orc warrior.
The orc warrior is severely wounded.
The orc warrior hits you with a +0 flail.
* * * LOW HITPOINT WARNING * * *
You hit the orc warrior.
You bite the orc warrior, but do no damage.
The orc warrior is almost dead.
You hit the orc warrior but do no damage.
Your bite misses the orc warrior.
The orc warrior is almost dead.
You block the orc warrior's attack.
Your chain mail prevents you from hitting the orc warrior.
The orc warrior is almost dead.
The orc warrior hits you with a +0 flail!
* * * LOW HITPOINT WARNING * * *
You hit the orc warrior but do no damage.
The orc warrior is almost dead.
The orc warrior hits you but does no damage.
You hit the orc warrior but do no damage.
Your bite misses the orc warrior.
The orc warrior is almost dead.
Your chain mail prevents you from hitting the orc warrior.
Your bite misses the orc warrior.
The orc warrior is almost dead.
The orc warrior hits you with a +0 flail!
You die...

○☼○ #.# # #. #.# #.# #.#
#.###############.#
#####.○..............>#
#§§..###.....)########
####.°.....##.#
#.°.....##.#
#..#....##@#
#.<#...###o#
.☼☼.....##...# #o#
###.............oo...o..
#########.####..######
#.# ##.# #.# .+ .+ .#


You could see an orc warrior and 3 orcs.

Vanquished Creatures
  3 ogres
  3 sky beasts
  A centaur (D:6)
  A bullfrog (D:7)
  A howler monkey (D:6)
  A hound (D:6)
  A jelly (D:6)
  2 orc priests
  A bullfrog skeleton (D:5)
  2 centaur skeletons
  2 worker ants (D:6)
  2 iguanas (D:5)
  4 orc wizards
  A hound skeleton (D:2)
  3 gnolls (D:4)
  7 adders
  An ufetubus (D:5)
  2 oozes (D:2)
  An adder skeleton (D:5)
  6 worms
  2 dart slugs
  4 leopard geckos
  10 orcs
  A ball python (D:2)
  3 giant cockroaches
  6 goblins
  2 hobgoblins (D:2)
  16 jackals
  4 kobolds
  2 bats (D:3)
  3 frilled lizards
  A quokka skeleton (D:7)
  4 rats
103 creatures vanquished.

Vanquished Creatures (others)
  A worker ant (D:7)
  An adder (D:7)
  An orc (D:7)
3 creatures vanquished.

Grand Total: 106 creatures vanquished

Notes
Turn   | Place    | Note
-------+----------+-------------------------------------------
     0 | D:1      | tilp the Vine Stalker Brigand began the quest for the Orb.
     0 | D:1      | Reached XP level 1. HP: 11/11 MP: 2/2
   294 | D:1      | Reached XP level 2. HP: 16/16 MP: 3/3
   637 | D:2      | Reached XP level 3. HP: 16/20 MP: 2/4
  1263 | D:2      | Gained mutation: Your natural rate of healing is unusually
                  | fast. [Vine Stalker growth]
  1263 | D:2      | Reached XP level 4. HP: 24/25 MP: 5/5
  1395 | D:2      | Found a shadowy altar of Dithmenos.
  1628 | D:2      | Found Heunn's Armour Shop.
  1634 | D:2      | Bought a +0 buckler for 45 gold pieces
  2514 | D:3      | Reached XP level 5. HP: 9/29 MP: 2/6
  2768 | D:3      | Found a faded altar of an unknown god.
  2841 | D:3      | Found a sacrificial altar of Ru.
  2864 | D:3      | Became a worshipper of Ru the Awakened
  3071 | D:4      | Reached XP level 6. HP: 26/33 MP: 4/7
  3203 | D:4      | Noticed a sky beast
  3224 | D:4      | Killed a sky beast
  3225 | D:4      | Reached skill level 5 in Short Blades
  3351 | D:4      | Reached XP level 7. HP: 25/37 MP: 4/8
  3368 | D:4      | Found a broken altar of Ashenzari.
  3370 | D:4      | Found a sacrificial altar of Ru.
  3372 | D:4      | Found a snail-covered altar of Cheibriados.
  3550 | D:2      | Bought a +0 chain mail for 45 gold pieces
  3959 | D:5      | Entered Level 5 of the Dungeon
  4040 | D:5      | Reached skill level 1 in Dodging
  4275 | D:5      | Found a stormy altar of Qazlal.
  4403 | D:5      | Gained mutation: You are hated by all. [Ru sacrifice]
  4403 | D:5      | Reached * piety under Ru
  4739 | D:6      | Found a staircase to the Ecumenical Temple.
  4835 | D:6      | Reached skill level 5 in Fighting
  5003 | D:6      | Gained mutation: You have razor-sharp teeth. [Vine Stalker
                  | growth]
  5003 | D:6      | Reached XP level 8. HP: 43/43 MP: 9/9
  5242 | D:6      | Reached skill level 1 in Shields
  5905 | D:7      | HP: 2/44 [orc warrior/+0 flail (15)]
  5908 | D:7      | Mangled by an orc warrior

Illustrated notes

Levels and vault maps discovered:
D:1:      minmay_arrival_four_houses, layout_basic
D:2:      layout_loops_corners, nicolae_overflow_hidden_temple, serial_shops,
          shop, serial_glass, glass_columns_b, glass_columns_b
D:3:      layout_basic, chequers_ecumenical_altar_grove,
          nicolae_ru_great_annihilating_truth
D:4:      layout_rooms, minitemple, chequers_serial_rivers_large_b
D:5:      layout_basic, lemuel_crystal_altar
D:6:      layout_loops_corners, minmay_temple_entry_trees
D:7:      layout_basic, zin_scriptorium, general_overflow_altar,
          lemuel_flamethrower_2

Skill      XL: |  1  2  3  4  5  6  7  8 |
---------------+-------------------------+-----
Fighting       | 2 3 4 5 6 |  6.0
Short Blades   | 2 4 5 6 |  6.4
Dodging        | 2 |  2.8
Shields        | 2 |  2.0
Throwing       | |  1.7
Stealth        | |  4.8

Action                   |  1- 3 |  4- 6 |  7- 9 || total
-------------------------+-------+-------+-------++-------
Melee: Dagger            |    72 |   172 |   288 ||   532
       Bite              |    20 |    48 |    85 ||   153
Throw: Dart              |       |    12 |    17 ||    29
Invok: Sacrifice Love    |       |       |     1 ||     1
  Use: Scroll            |       |     5 |     3 ||     8
 Stab: Sleeping          |     7 |     7 |       ||    14
Armor: Robe              |     2 |       |       ||     2
       Ring mail         |    17 |    47 |       ||    64
       Chain mail        |       |       |   101 ||   101
Dodge: Dodged            |    27 |    57 |    40 ||   124
Block: Buckler           |       |    20 |    34 ||    54

Table legend: (Time is in decaauts)
 A = Elapsed time spent in this place.
 B = Non-inter-level travel time spent in this place.
 C = Inter-level travel time spent in this place.
 D = Time resting spent in this place.
 E = Time spent auto-exploring this place.
 F = Levels seen in this place.
 G = Mean time per level.
                   A        B        C        D        E       F      G
               +--------+--------+--------+--------+--------+-----+--------+
         Total |   5872 |   5453 |    419 |    314 |   4193 |   7 |  838.9 |
       Dungeon |   5872 |   5453 |    419 |    314 |   4193 |   7 |  838.9 |
               +--------+--------+--------+--------+--------+-----+--------+

Top non-repeatable levels by time:
     D:2: 1489 daAuts
     D:3: 1299 daAuts
     D:6: 1085 daAuts
     D:4: 802 daAuts
     D:5: 531 daAuts
     D:1: 391 daAuts
     D:7: 273 daAuts
